 Dungeon Crawl Stone Soup version 0.30-a0-297-g0ec75d9ef4 (webtiles) character file.

Game seed: 10563079020917116980

1341 lunkers the Covered (level 9, -7/78 HPs)
             Began as a Meteoran Fighter on Oct 18, 2022.
             Was an Initiate of Ashenzari.
             Mangled by a manticore (16 damage)
             ... on level 6 of the Dungeon.
             The game lasted 00:04:57 (2482 turns).

lunkers the Covered (Meteoran Fighter)              Turns: 2482, Time: 00:04:58

Health: -7/78      AC:  7    Str: 20    XL:     9   Next: 15%
Magic:  10/10      EV: 13    Int: 13    God:    Ashenzari [......]
Gold:   331        SH:  5    Dex: 19    Spells: 8/8 levels left

rFire   . . .      SeeInvis .    a - +1 whip (elec)
rCold   . . .      Faith    .    c - +0 buckler
rNeg    . . .      Spirit   .    b - +0 scale mail
rPois   .          Reflect  .    (no helmet)
rElec   .          Harm     .    (no cloak)
rCorr   .          Rampage  .    (no gloves)
Will    +....                    (no boots)
Stlth   ..........               (no amulet)
HPRegen 0.33/turn                v - ring "Pangnostic Entitlement" {Dex+6, Cun, Alch} (curse)
MPRegen 0.12/turn                (no ring)

@: mighty, glowing
A: sense surroundings 2, otherworldly, glowing, explore regen
a: Renounce Religion, Shatter the Chains


You were on level 6 of the Dungeon.
You worshipped Ashenzari.
Ashenzari was noncommittal.
You visited 1 branch of the dungeon, and saw 6 of its levels.

You collected 331 gold pieces.

Inventory:

Hand Weapons
 a - a +1 whip of electrocution (weapon)
 f - a +0 rapier
 o - a +2 mace of protection
 s - a +1 dire flail of holy wrath
 A - a +0 vorpal falchion
Armour
 b - a +0 scale mail (worn)
 c - a +0 buckler (worn)
Jewellery
 v - the cursed ring "Pangnostic Entitlement" (left hand) {Dex+6, Cun, Alch}
   (You found it on level 5 of the Dungeon)

   [ring of dexterity]

   Dex:       It affects your dexterity (+6).
   It has a curse which improves the following skills: Cunning: Dodging and
   Stealth.
   Alchemy:   Poison Magic and Transmutations.
Scrolls
 e - a scroll of teleportation {unknown}
 h - a scroll of amnesia {unknown}
 m - a scroll of enchant armour {unknown}
 n - 7 scrolls of identify {unknown}
 p - 2 scrolls of magic mapping {unknown}
 r - a scroll of silence {unknown}
 u - a scroll of immolation {unknown}
 w - a scroll of blinking {unknown}
 x - 2 scrolls of fear {unknown}
 y - a scroll of noise {unknown}
Potions
 g - a potion of invisibility {unknown}
 i - a potion of heal wounds
 j - a potion of flight {unknown}
 k - a potion of brilliance {unknown}
 l - 3 potions of curing {unknown}
 q - 3 potions of attraction {unknown}
 t - a potion of ambrosia {unknown}
 z - a potion of mutation {unknown}


   Skills:
 + Level 6.5 Fighting
 - Level 2.9 Short Blades
 - Level 6.0 Maces & Flails
 + Level 7.1 Armour
 + Level 5.8(6.2) Dodging
 - Level 3.6 Shields


You had 8 spell levels left.
You didn't know any spells.
Your spell library contained the following spells:

 Spells                   Type           Power      Damage    Failure   Level
 Necrotise                Necr           0%         1d4       71%         1
 Vampiric Draining        Necr           0%         2d6       97%         3
 Passage of Golubria      Tloc           0%         N/A       100%        4
 Agony                    Necr           0%         N/A       100%        5
 Silence                  Hex/Air        0%         N/A       100%        5
 Lehudib's Crystal Spear  Conj/Erth      0%         10d2      100%        8


Dungeon Overview and Level Annotations

Branches:
Dungeon (6/15) Zot: 1156
 Temple: D:4-7

Altars:
Ashenzari
Elyvilon
Xom

Annotations:
D:6 3 runed translucent doors, lunkers's ghost, novice MeTm


Innate Abilities, Weirdness & Mutations

You passively map the area around you.
You are easily found by Zot.
You glow in the dark.
You regain HP and MP as you explore.


Message History

The centaur closely misses you. The centaur kicks you.
* * * LOW HITPOINT WARNING * * *
The centaur hits you.
* * * LOW HITPOINT WARNING * * *
The centaur kicks you but does no damage.
You hit the manticore but do no damage.
The manticore is moderately wounded.
The centaur barely misses you. You block the centaur's attack.
Unknown command.
You barely miss the manticore.
The manticore is moderately wounded.
The centaur closely misses you. The centaur completely misses you.
The manticore bites you!
* * * LOW HITPOINT WARNING * * *
The manticore claws you but does no damage.
The manticore claws you.
* * * LOW HITPOINT WARNING * * *
You whack the manticore!
The manticore is heavily wounded.
The centaur hits you.
* * * LOW HITPOINT WARNING * * *
The centaur misses you. The manticore barely misses you.
The manticore misses you. The manticore claws you!
* * * LOW HITPOINT WARNING * * *
The centaur hits you but does no damage.
The centaur kicks you but does no damage.
You barely miss the manticore.
The manticore is heavily wounded.
The manticore bites you.
* * * LOW HITPOINT WARNING * * *
The manticore misses you.
The manticore claws you but does no damage.
The centaur hits you but does no damage.
The centaur kicks you but does no damage.
You closely miss the manticore.
The manticore is heavily wounded.
The centaur barely misses you.
The centaur kicks you but does no damage.
The manticore bites you!
You die...

* * , ,...#
#.#.##.# , ,
*###.###.#.##.####
, ,,,
*#.....†.#........
, * , ,
##.#.###.####.####
, #.....##.####.#
# * ** '
#.....##......# #
, ,, ,,
#.###.###.....# #
, ,, , ,,#.#
#.###.....# # , ,,
,#@###.........# #
* *
#cHr..###.....####
* * ** ,##wr###
#.....##.. *


#woSr.# ########.≈ , , ^ , #o#.#.# #.≈ , ,, #.#.#.# ** #.≈ , , , #B#...., *
#####.≈ , *#W###.## * #.....≈ * ** * #r* #.#* * #.#*#.≈ You could see a
manticore, a centaur, a worm, an orc, a ball python and 3 rats.

Vanquished Creatures
  Sigmund (D:3)
  Edmund (D:4)
  2 black bears
  2 ogres (D:5)
  A phantom (D:6)
  A bullfrog (D:6)
  2 scorpions (D:5)
  A howler monkey (D:5)
  An orc priest (D:3)
  A hound (D:4)
  Jessica (D:3)
  Natasha (D:4)
  4 orc wizards
  3 gnolls (D:5)
  6 adders
  2 river rats (D:6)
  A white imp (D:3)
  3 worms
  4 dart slugs
  19 orcs
  5 ball pythons
  3 endoplasms
  2 giant cockroaches (D:6)
  4 goblins
  5 hobgoblins
  9 jackals
  4 quokkas
  A training dummy (D:4)
  6 bats (D:1)
  4 frilled lizards
  6 kobolds
  4 rats
  A butterfly (D:3)
111 creatures vanquished.

Vanquished Creatures (others)
  2 fungi (D:3)
  2 plants (D:3)
4 creatures vanquished.

Grand Total: 115 creatures vanquished

Notes
Turn   | Place    | Note
-------+----------+-------------------------------------------
     0 | D:1      | lunkers the Meteoran Fighter began the quest for the Orb.
     0 | D:1      | Reached XP level 1. HP: 19/19 MP: 2/2
    56 | D:1      | Reached XP level 2. HP: 20/26 MP: 3/3
   181 | D:1      | Reached skill level 1 in Maces & Flails
   215 | D:1      | Reached XP level 3. HP: 31/31 MP: 4/4
   493 | D:1      | Glimpsed the power of Zot.
   543 | D:1      | Glimpsed the power of Zot.
   890 | D:2      | Reached XP level 4. HP: 35/38 MP: 5/5
  1085 | D:3      | Noticed Sigmund
  1090 | D:3      | Killed Sigmund
  1091 | D:3      | Reached skill level 4 in Armour
  1091 | D:3      | Reached skill level 1 in Dodging
  1091 | D:3      | Reached XP level 5. HP: 46/46 MP: 6/6
  1091 | D:3      | Reached XP level 6. HP: 52/52 MP: 7/7
  1096 | D:3      | Noticed Jessica
  1118 | D:3      | Killed Jessica
  1206 | D:3      | Found a shimmering altar of Xom.
  1418 | D:4      | Noticed a black bear
  1424 | D:4      | Killed a black bear
  1425 | D:4      | Reached XP level 7. HP: 60/60 MP: 8/8
  1474 | D:4      | Noticed Edmund
  1486 | D:4      | HP: 3/60 [Edmund/+1 dire flail of holy wrath (5)]
  1487 | D:4      | Killed Edmund
  1488 | D:4      | Reached skill level 5 in Armour
  1488 | D:4      | HP: 1/60 [goblin/+0 club (3)]
  1651 | D:4      | Found a broken altar of Ashenzari.
  1686 | D:4      | Became a worshipper of Ashenzari the Shackled
  1892 | D:4      | Noticed Natasha
  1896 | D:4      | Killed Natasha
  1897 | D:4      | Reached skill level 5 in Fighting
  1897 | D:4      | Reached XP level 8. HP: 68/68 MP: 9/9
  1903 | D:5      | Entered Level 5 of the Dungeon
  2028 | D:5      | Reached skill level 6 in Armour
  2116 | D:5      | Reached skill level 5 in Dodging
  2273 | D:6      | Found a white marble altar of Elyvilon.
  2328 | D:6      | Gained mutation: You passively map the area around you.
                  | [Meteoran growth]
  2328 | D:6      | Reached XP level 9. HP: 69/75 MP: 10/10
  2374 | D:6      | Found a runed translucent gate.
  2374 | D:6      | Found a runed translucent gate.
  2374 | D:6      | Found a runed translucent gate.
  2378 | D:6      | Noticed lunkers's ghost (novice MeTm)
  2440 | D:6      | Noticed a manticore
  2477 | D:6      | Reached skill level 7 in Armour
  2482 | D:6      | Mangled by a manticore

Illustrated notes

Levels and vault maps discovered:
D:1:      minmay_arrival_five_plusses, layout_basic, hangedman_feature_mirror,
          hangedman_decor_growths
D:2:      minmay_door_path, layout_basic
D:3:      layout_basic, xom_butterflies, shapermc_ecumenical_altar_acropolis,
          uniq_jessica, uniq_sigmund, uniq_robin
D:4:      dreamdust_elfheim, layout_cave_pools, evilmike_ruin_ashenzari,
          uniq_natasha, uniq_edmund
D:5:      layout_cave_pools
D:6:      minmay_opposing_rooms, layout_loops_cross, grunt_qazlal_clouds,
          mainiacjoe_overflow_concentric_impassable, minmay_temple_entry_grid,
          portal_sewer_entry_a, ebering_ghost_rock_garden, sigmund_army

Skill      XL: |  1  2  3  4  5  6  7  8  9 |
---------------+----------------------------+-----
Maces & Flails | 1 3 6 |  6.0
Armour         | 4 5 6 7 |  7.1
Dodging        | 1 2 3 5 |  5.8
Fighting       | 4 5 6 |  6.5
Short Blades   | |  2.9
Shields        | |  3.6

Action                   |  1- 3 |  4- 6 |  7- 9 || total
-------------------------+-------+-------+-------++-------
Melee: Rapier            |    34 |       |       ||    34
       Whip              |    69 |    84 |   219 ||   372
Invok: Curse Item        |       |       |     1 ||     1
  Use: Potion            |       |     1 |     1 ||     2
Armor: Scale mail        |    55 |    35 |    65 ||   155
Dodge: Dodged            |    39 |    20 |    92 ||   151
Block: Buckler           |    29 |     8 |    34 ||    71

Table legend: (Time is in decaauts)
 A = Elapsed time spent in this place.
 B = Non-inter-level travel time spent in this place.
 C = Inter-level travel time spent in this place.
 D = Time resting spent in this place.
 E = Time spent auto-exploring this place.
 F = Levels seen in this place.
 G = Mean time per level.
                   A        B        C        D        E       F      G
               +--------+--------+--------+--------+--------+-----+--------+
         Total |   2442 |   2306 |    136 |      0 |   1500 |   6 |  407.0 |
       Dungeon |   2442 |   2306 |    136 |      0 |   1500 |   6 |  407.0 |
               +--------+--------+--------+--------+--------+-----+--------+

Top non-repeatable levels by time:
     D:1: 574 daAuts
     D:2: 486 daAuts
     D:4: 473 daAuts
     D:3: 354 daAuts
     D:5: 353 daAuts
     D:6: 200 daAuts
